 Dungeon Crawl Stone Soup version 0.26-a0-651-gb41185065b (webtiles) character file.

Game seed: 1486006420379259818

7 Lanoc the Bolt Thrower (level 2, -2/34 HPs)
             Began as a Formicid Hunter on Oct 22, 2020.
             Slain by a sky beast (6 damage)
             ... on level 2 of the Dungeon.
             The game lasted 00:00:34 (236 turns).

Lanoc the Bolt Thrower (Formicid Hunter)             Turns: 236, Time: 00:00:35

Health: -2/34      AC: 21    Str: 16    XL:     2   Next: 10%
Magic:  2/2        EV:  2    Int: 10    God:
Gold:   42         SH:  0    Dex: 11    Spells: 1/1 levels left

rFire    . . .     SeeInvis .   a - +1 hand crossbow
rCold    . . .     Faith    .   (no shield)
rNeg     + + +     Spirit   .   (armour currently unavailable)
rPois    +         Reflect  .   (helmet unavailable)
rElec    .         Harm     .   (cloak currently unavailable)
rCorr    .         Rampage  .   (gloves currently unavailable)
MR       .....                  (boots currently unavailable)
Stlth    ++........             (no amulet)
HPRegen  0.11/turn              (no ring)
MPRegen  0.08/turn              (no ring)

@: tree-form
A: permanent stasis, dig shafts and tunnels, four strong arms
a: no special abilities


You were on level 2 of the Dungeon.
You were a tree.
You visited 1 branch of the dungeon, and saw 2 of its levels.

You collected 42 gold pieces.

Inventory:

Hand Weapons
 a - a +1 hand crossbow (weapon)
 b - a +0 short sword
Missiles
 d - 5 bolts (quivered)
Armour
 c - a +0 leather armour (melded)
Scrolls
 f - a scroll of remove curse {unknown}
 h - a scroll of immolation {unknown}
Potions
 g - a potion of heal wounds {unknown}


   Skills:
 + Level 2.4 Fighting
 * Level 4.2 Crossbows
 + Level 1.9 Dodging
 - Level 1.2 Stealth


You had one spell level left.
You didn't know any spells.
Your spell library was empty.

Dungeon Overview and Level Annotations

Branches:
Dungeon (2/15)

Altars:


Innate Abilities, Weirdness & Mutations

You cannot be hasted, slowed, berserked, paralysed or teleported.
You can dig through walls and to a lower floor.
Your four strong arms can wield two-handed weapons with a shield.
((You have a pair of large antennae on your head. (SInv)))


Message History

The sky beast closely misses you.
You are too injured to fight recklessly!
Firing (i - inventory)
d - 7 bolts (quivered)
Press: ? - help, Shift-Dir - straight line, f/p - sky beast
Aim: a sky beast (heavily wounded, slightly transparent)
You shoot a bolt. The bolt barely misses the sky beast.
The sky beast hits you. The sky beast shocks you.
* * * LOW HITPOINT WARNING * * *
Firing (i - inventory)
d - 6 bolts (quivered)
Press: ? - help, Shift-Dir - straight line, f/p - sky beast
Aim: a sky beast (heavily wounded, slightly transparent)
You shoot a bolt.
The bolt completely misses the sky beast.
The sky beast barely misses you.
It was a potion of lignification.
You turn into a tree.
Your +0 leather armour melds into your body.
Your roots penetrate the ground.
Something hits you.
* * * LOW HITPOINT WARNING * * *
Something shocks you.
You die...

((≈.... # .≈≈....
. ..(....#(
(...≈...#
..(......
........#
........#
#(#######
#######(.({♣..#
........#####.#
#######.# #
#.......#
#.#####.# {
##.#####.
###.####........#
..(.....###.#####
.........#..#


There were no monsters in sight!

Vanquished Creatures
  A giant cockroach (D:2)
  2 hobgoblins (D:2)
  3 kobolds (D:2)
  2 rats (D:2)
8 creatures vanquished.

Notes
Turn   | Place    | Note
-------+----------+-------------------------------------------
     0 | D:1      | Lanoc the Formicid Hunter began the quest for the Orb.
     0 | D:1      | Reached XP level 1. HP: 16/16 MP: 1/1
   218 | D:2      | Reached XP level 2. HP: 23/23 MP: 2/2
   218 | D:2      | Noticed a sky beast
   236 | D:2      | Slain by a sky beast

Illustrated notes

Levels and vault maps discovered:
D:1:      dpeg_arrival_three_same_balls, layout_basic, chequers_arboretum,
          hex_large, hangedman_glass_teeth
D:2:      layout_loops_ring, bloody_trog, skrybe_limestone_x

Action                   || total
-------------------------++-------
 Fire: Hand crossbow     ||    23
  Use: Potion            ||     1
Dodge: Dodged            ||     6

Table legend: (Time is in decaauts)
 A = Elapsed time spent in this place.
 B = Non-inter-level travel time spent in this place.
 C = Inter-level travel time spent in this place.
 D = Time resting spent in this place.
 E = Time spent auto-exploring this place.
 F = Levels seen in this place.
 G = Mean time per level.
                   A        B        C        D        E       F      G
               +--------+--------+--------+--------+--------+-----+--------+
         Total |    242 |    239 |      3 |      0 |    187 |   2 |  121.0 |
       Dungeon |    242 |    239 |      3 |      0 |    187 |   2 |  121.0 |
               +--------+--------+--------+--------+--------+-----+--------+

Top non-repeatable levels by time:
     D:1: 142 daAuts
     D:2: 100 daAuts
